 Dungeon Crawl Stone Soup version 0.22-a0-410-g97be04f (webtiles) character file.

1570 4thArraOfDagon the Cleaver (level 8, -7/99 HPs)
             Began as a Deep Dwarf Berserker on May 11, 2018.
             Was a Believer of Trog.
             Mangled by a yak (11 damage)
             ... on level 2 of the Lair of Beasts.
             The game lasted 00:07:16 (1389 turns).

4thArraOfDagon the Cleaver (Deep Dwarf Berserker)   Turns: 1389, Time: 00:07:16

Health: -7/99      AC: 11    Str: 26 (29) XL:     8   Next: 59%
Magic:  7/7        EV: 11    Int:  7 (9)  God:    Trog [**....]
Gold:   356        SH:  0    Dex: 11 (12) Spells: 7/7 levels left

rFire    . . .     SeeInvis .   e - +0 war axe
rCold    . . .     Gourm    .   (no shield)
rNeg     . . .     Faith    .   s - +0 chain mail
rPois    .         Spirit   .   (helmet restricted)
rElec    .         Reflect  .   (no cloak)
rCorr    .         Harm     .   q - +0 pair of gloves
MR       ++...                  (no boots)
Stlth    ..........             (no amulet)
HPRegen  0.00/turn              (no ring)
MPRegen  0.10/turn              (no ring)

@: berserking, non-regenerating, very quick
A: damage resistance, heal wounds, horns 1, clever 1, frail 1, magic resistance
1, sense surroundings 1, no regeneration
a: Heal Wounds, Berserk, Trog's Hand, Renounce Religion


You were on level 2 of the Lair of Beasts.
You worshipped Trog.
Trog was pleased with you.
You were very hungry.

You visited 2 branches of the dungeon, and saw 11 of its levels.
You also visited: Ossuary.

You collected 356 gold pieces.

Inventory:

Hand Weapons
 a - a +0 hand axe
 e - a +0 war axe (weapon)
Armour
 b - a +0 animal skin
 f - a +0 scale mail
 q - a +0 pair of gloves (worn)
 s - a +0 chain mail (worn)
Scrolls
 d - 4 scrolls of teleportation
Potions
 h - 3 potions of curing
 i - a potion of mutation
 j - a potion of heal wounds {unknown}
 l - 2 potions of cancellation
 m - a potion of agility {unknown}
 o - a potion of haste {unknown}
 p - a potion of resistance {unknown}
 r - 2 potions of brilliance
Comestibles
 c - 6 rations
 n - 3 chunks of flesh


   Skills:
 + Level 5.1 Fighting
 * Level 8.2 Axes
 + Level 5.6 Armour
 + Level 5.6 Dodging


You had 7 spell levels left.
You didn't know any spells.

Dungeon Overview and Level Annotations

Branches:
Dungeon (9/15)             Temple (0/1) D:7            Lair (2/6) D:9
  Swamp: Lair:2-4    Shoals: Lair:2-4     Snake: Lair:2-4    Spider: Lair:2-4
    Orc: D:9-12

Altars:
Fedhas


Innate Abilities, Weirdness & Mutations

You are resistant to damage.
You can heal yourself by infusing magical energy.
You passively map a small area around you.
You do not regenerate.
You have a pair of small horns on your head.
Your mind is acute. (Int +2)
You are frail. (-10% HP)
You are resistant to hostile enchantments. (MR+)


Message History

You closely miss the yak. You barely miss the yak.
The blink frog hits the fungus!
The yak gores you.
* * * LOW HITPOINT WARNING * * *
The yak gores you!
* * * LOW HITPOINT WARNING * * *
Unknown command.
Unknown command.
You are feeling very hungry.
You slash the yak!
You kill the yak!
Trog accepts your kill.
You feel your dexterity returning.
You closely miss the blink frog. You slash the yak! You hit the yak. x2
Your skin stops crawling.
You feel less resistant to hostile enchantments.
The blink frog hits the fungus!
The blink frog blinks! x2
The yak gores you but does no damage.
The blink frog hits you but does no damage.
The yak closely misses you. The yak gores you!
You die...

##§.§.§....# ## #..§§§# ## ###
#.## ### #.§§§#§...#..
##.########.###.###
..§§§§...(...##....#..##.......##
..§§P........................<...
..$...........................†..
...............#.§.......##......
...............F§................
...FF........F.Y@................
...............YYY...............
....F..FP............... ,
.....F........#.....(...
.###...≈≈≈≈≈≈≈≈...##...# *
#...≈≈≈≈≈≈≈≈.######.# ≈ ,
#P.≈≈≈≈≈≈≈≈≈.# ### #P≈≈≈≈..≈≈≈≈≈#
≈ ,, *##≈≈≈≈.>.≈≈≈≈.#*


You could see 4 yaks and 5 blink frogs.

Vanquished Creatures
  A komodo dragon (Lair:2)
  A hippogriff (D:7)
  A yak (Lair:2)
  A vampire mosquito (Lair:2)
  An orc warrior (D:6)
  A porcupine (Lair:1)
  An ice beast (D:7)
  A crocodile (Lair:2)
  A bullfrog (Lair:1)
  A hound (D:5)
  2 orc priests
  2 orc wizards
  An iguana (D:8)
  2 worker ants
  A hound skeleton (D:5)
  9 mummies
  A worker ant zombie (D:7)
  4 gnolls (D:6)
  3 adders
  2 leopard geckos
  7 orcs
  4 giant cockroaches
  A gnoll zombie (Ossuary)
  3 jackals (D:3)
  A quokka (D:6)
  4 frilled lizards
  A hobgoblin zombie (Ossuary)
  2 kobold zombies (Ossuary)
  4 orc zombies (Ossuary)
  3 rats
67 creatures vanquished.

Notes
Turn   | Place    | Note
-------+----------+-------------------------------------------
     0 | D:1      | 4thArraOfDagon the Deep Dwarf Berserker began the quest for the Orb.
     0 | D:1      | Reached XP level 1. HP: 20/20 MP: 1/1
    28 | D:1      | You fall through a shaft!
   102 | D:3      | Reached XP level 2. HP: 21/27 MP: 2/2
   178 | D:4      | Reached XP level 3. HP: 21/33 MP: 3/3
   187 | D:4      | Found a sand-covered staircase.
   194 | D:4      | Reached skill level 4 in Axes
   222 | Ossuary  | Entered an ossuary
   252 | Ossuary  | Reached XP level 4. HP: 42/42 MP: 4/4
   316 | Ossuary  | Reached ** piety under Trog
   318 | Ossuary  | Reached XP level 5. HP: 45/49 MP: 5/5
   518 | D:5      | Entered Level 5 of the Dungeon
   574 | D:4      | Reached skill level 5 in Axes
   630 | D:5      | Reached XP level 6. HP: 18/56 MP: 6/6
   856 | D:6      | Noticed an orc warrior
   865 | D:6      | Killed an orc warrior
   873 | D:6      | Reached skill level 6 in Axes
   948 | D:7      | Found a staircase to the Ecumenical Temple.
   951 | D:7      | Noticed an ice beast
   990 | D:7      | Killed an ice beast
   990 | D:7      | Reached XP level 7. HP: 64/64 MP: 7/7
  1055 | D:7      | Noticed a hippogriff
  1056 | D:7      | Found a blossoming altar of Fedhas.
  1080 | D:7      | Killed a hippogriff
  1159 | D:8      | HP: 2/66 [orc warrior/halberd (21)]
  1167 | D:9      | Found a staircase to the Lair.
  1173 | Lair:1   | Entered Level 1 of the Lair of Beasts
  1186 | Lair:1   | Reached skill level 7 in Axes
  1243 | Lair:2   | Noticed a blink frog
  1243 | Lair:2   | Noticed a blink frog
  1243 | Lair:2   | Noticed a blink frog
  1243 | Lair:2   | Noticed a blink frog
  1243 | Lair:2   | Noticed a blink frog
  1266 | Lair:2   | Reached skill level 5 in Armour
  1266 | Lair:2   | Reached skill level 5 in Dodging
  1266 | Lair:2   | Reached XP level 8. HP: 56/73 MP: 7/7
  1374 | Lair:2   | Noticed a blink frog
  1375 | Lair:2   | Noticed a komodo dragon
  1375 | Lair:2   | Noticed a blink frog
  1375 | Lair:2   | Noticed a blink frog
  1380 | Lair:2   | Gained mutation: You have a pair of small horns on your head. [potion of mutation]
  1380 | Lair:2   | Gained mutation: You are frail. (-10% HP) [potion of mutation]
  1380 | Lair:2   | Gained mutation: You are resistant to hostile enchantments. (MR+) [potion of mutation]
  1380 | Lair:2   | Gained mutation: Your mind is acute. (Int +2) [potion of mutation]
  1387 | Lair:2   | Killed a komodo dragon
  1387 | Lair:2   | Reached skill level 5 in Fighting
  1387 | Lair:2   | Reached skill level 8 in Axes
  1388 | Lair:2   | HP: 4/99 [yak (8)]
  1389 | Lair:2   | Mangled by a yak

Vault maps used:
D:1:      dpeg_arrival_orchard, grunt_decor_mini_mirrors, hex_medium,
          roderic_three_in_a_row
D:2:      minitemple, nicolae_overflow_crystal_walls
D:3:      nicolae_overflow_hidden_temple, okawaru_trees_1
D:4:      first_ration, gup_ossuary_entry_pyramid,
          nicolae_dithmenos_shadow_blocks
D:5:      nicolae_gozag_seed_capital, tso_altar
D:6:      lemuel_doored_altar, uniq_blork_the_orc
D:7:      marbit_many_paths, old_standard_altar,
          minmay_temple_entry_statues_fountains, serial_shops, shop
D:8:      lemuel_round_altar, old_standard_altar
D:9:      lair_entry_dummy, hangedman_little_slice_of_home
Lair:1:   uniq_joseph
Lair:2:   minmay_swamp_entry_swarm, enter_volcano_1, serial_bayou_shore_b,
          infiniplex_staircase_pool_2, grunt_megastairs_5
Ossuary:  ossuary_tomb_3

Skill      XL: |  1  2  3  4  5  6  7  8 |
---------------+-------------------------+-----
Fighting       | 3 4 5 |  5.1
Axes           | 4 5 6 7 8 |  8.2
Armour         | 3 4 5 |  5.6
Dodging        | 3 4 5 |  5.6

Action                   |  1- 3 |  4- 6 |  7- 9 || total
-------------------------+-------+-------+-------++-------
Melee: War axe           |    31 |   106 |    39 ||   176
       Hand axe          |     1 |       |       ||     1
       Headbutt          |       |       |     1 ||     1
Invok: Berserk           |     3 |     6 |     6 ||    15
       Trog's Hand       |       |     4 |     4 ||     8
 Abil: Heal Wounds       |     1 |       |     4 ||     5
  Use: Scroll            |       |       |     4 ||     4
       Potion            |       |       |     3 ||     3
  Eat: Chunk             |       |     9 |     9 ||    18
Armor: Animal skin       |     2 |       |       ||     2
       Scale mail        |     6 |    39 |       ||    45
       Chain mail        |       |    14 |    38 ||    52
Dodge: Dodged            |    18 |    52 |    38 ||   108

Table legend:
 A = Spawn XP
 B = Non-spawn XP
 C = Spawn XP percentage of total XP
 D = Spawn monster count
 E = Non-spawn monster count
 F = Spawn count percentage of total count
 G = Total turns spent on level
                    A         B        C        D         E        F      G
               +---------+---------+-------+---------+---------+-------+---------
         Total |       0 |    2243 |   0.0 |       0 |      67 |   0.0 |  1389
               +---------+---------+-------+---------+---------+-------+---------
           D:2 |       0 |       1 |   0.0 |       0 |       1 |   0.0 |    28
           D:3 |       0 |      32 |   0.0 |       0 |      12 |   0.0 |   115
           D:4 |       0 |     115 |   0.0 |       0 |       8 |   0.0 |   193
           D:5 |       0 |     112 |   0.0 |       0 |       5 |   0.0 |    91
           D:6 |       0 |     277 |   0.0 |       0 |      10 |   0.0 |   259
           D:7 |       0 |     461 |   0.0 |       0 |       8 |   0.0 |   210
           D:8 |       0 |      37 |   0.0 |       0 |       1 |   0.0 |    31
        Lair:1 |       0 |     225 |   0.0 |       0 |       2 |   0.0 |    70
        Lair:2 |       0 |     830 |   0.0 |       0 |       4 |   0.0 |   146
       Ossuary |       0 |     153 |   0.0 |       0 |      16 |   0.0 |   212
               +---------+---------+-------+---------+---------+-------+---------
